 Dungeon Crawl Stone Soup version 0.31-a0-1118-gbca3d03946 (webtiles) character file.

Game seed: 18213439720604398214

4049 gruber the Skirmisher (level 10, -1/115 HPs)
             Began as a Minotaur Hunter on Dec 4, 2023.
             Was a Follower of Hepliaklqana.
             Succumbed to a killer bee's poison
             ... on level 9 of the Dungeon.
             The game lasted 00:06:54 (7284 turns).

gruber the Skirmisher (Minotaur Hunter)             Turns: 7284, Time: 00:06:55

Health: -1/115     AC: 25    Str: 23    XL:     10   Next: 4%
Magic:  9/9        EV:  2    Int:  6    God:    Hepliaklqana [*.....]
Gold:   370        SH:  0    Dex: 17    Spells: 9/9 levels left

rFire   . . .        a - +0 shortbow
rCold   . . .        (shield currently unavailable)
rNeg    . . .        B - melded +1 ring mail {rC+}
rPois   +            (helmet currently unavailable)
rElec   .            f - melded scarf {repulsion}
rCorr   .            I - melded +1 pair of gloves
SInv    .            y - melded +0 pair of boots
Will    .....        (no amulet)
Stlth   ++           o - ring of wizardry
HPRegen 0.39/turn    G - +6 ring of strength
MPRegen 0.11/turn

%: wizardry (x1)
@: lethally poisoned (-1 -> -8), tree-form
A: stationary, stasis, torment immunity, boosted hp, reduced essence, (horns 2),
(retaliatory headbutt)
a: Renounce Religion, Recall Ancestor, Ancestor Identity


You were on level 9 of the Dungeon.
You worshipped Hepliaklqana.
Hepliaklqana was aware of your devotion.
You were a tree.
You visited 2 branches of the dungeon, and saw 10 of its levels.

You collected 370 gold pieces.

Inventory:

Hand Weapons
 a - a +0 shortbow (weapon)
Armour
 f - a scarf of repulsion (melded)
 y - a +0 pair of boots (melded)
 B - a +1 ring mail of cold resistance (melded)
 I - a +1 pair of gloves (melded)
Jewellery
 o - a ring of wizardry (left branch)
 x - a ring of flight
 G - a +6 ring of strength (right branch)
Wands
 z - a wand of quicksilver (8)
 A - a wand of flame (27)
Scrolls
 b - a scroll of butterflies
 d - 2 scrolls of fear {unknown}
 e - 7 scrolls of fog {unknown}
 g - a scroll of immolation {unknown}
 h - 2 scrolls of blinking {unknown}
 i - 4 scrolls of vulnerability {unknown}
 j - 9 scrolls of identify {unknown}
 k - 3 scrolls of noise {unknown}
 m - a scroll of amnesia {unknown}
 s - a scroll of enchant armour {unknown}
 t - 5 scrolls of teleportation {unknown}
 E - a scroll of enchant weapon {unknown}
 F - 2 scrolls of revelation {unknown}
 H - a scroll of silence {unknown}
Potions
 c - a potion of haste {unknown}
 l - 4 potions of attraction {unknown}
 n - 2 potions of heal wounds {unknown}
 p - a potion of brilliance {unknown}
 q - 2 potions of degeneration {unknown}
 r - 2 potions of curing {unknown}
 u - 2 potions of magic {unknown}
 v - a potion of ambrosia {unknown}
 w - 2 potions of lignification
 C - a potion of enlightenment {unknown}
 D - a potion of mutation {unknown}


   Skills:
 * Level 7.6 Fighting
 - Level 13.3 Ranged Weapons
 - Level 5.0 Armour
 - Level 5.3 Dodging
 - Level 0.7 Stealth


You had 9 spell levels left.
You didn't know any spells.
Your spell library contained the following spells:

 Spells                   Type           Power      Damage    Failure   Level
 Sandblast                Erth           0%         2d4       21%         1
 Ensorcelled Hibernation  Hex/Ice        0%         N/A       28%         2
 Jinxbite                 Hex            0%         N/A       28%         2
 Passwall                 Tmut/Erth      0%         N/A       28%         2
 Stone Arrow              Conj/Erth      0%         3d7       50%         3
 Tukima's Dance           Hex            0%         N/A       50%         3
 Anguish                  Hex/Necr       0%         N/A       86%         4
 Brom's Barrelling Bould  Conj/Erth      0%         2d3       86%         4
 Dimensional Bullseye     Hex/Tloc       0%         N/A       86%         4
 Iskenderun's Mystic Bla  Conj/Tloc      0%         2d3       86%         4


Dungeon Overview and Level Annotations

Branches:
Dungeon (9/15)             Temple (1/1) D:7
   Lair: D:8-11         Orc: D:9-12

Altars:
Ashenzari
Cheibriados
Dithmenos
Fedhas
Gozag
Hepliaklqana
Makhleb
Okawaru
Qazlal
Ru
Sif Muna
Trog
Uskayaw
Vehumet
Xom
Yredelemnul
Zin
The Shining One

Annotations:
D:9 Erica


Innate Abilities, Weirdness & Mutations

You are a tree.
Your roots penetrate the ground, keeping you stationary.
You cannot be teleported.
You are immune to unholy pain and torment.
Your maximum health is greatly increased.
Your equipment is partially melded.
Your life essence is reduced to manifest your ancestor. (-10% HP)
((You have a pair of horns on your head.))
((You reflexively headbutt those who attack you in melee.))


Message History

* * * LOW HITPOINT WARNING * * *
The killer bee stings you but does no damage. x2
Unknown command.
Unknown command.
You shoot an arrow. The arrow hits the killer bee.
The killer bee is lightly wounded.
You feel very sick.
The killer bee stings you but does no damage. x6
The killer bee barely misses you.
The killer bee stings you but does no damage.
Unknown command.
Unknown command.
You shoot an arrow. The arrow misses the killer bee.
The arrow closely misses the killer bee.
You feel sick. The killer bee stings you.
* * * LOW HITPOINT WARNING * * *
The killer bee stings you.
* * * LOW HITPOINT WARNING * * *
The killer bee stings you but does no damage. x2
Unknown command.
You shoot an arrow. The arrow misses the killer bee.
The arrow closely misses the killer bee.
* * * LOW HITPOINT WARNING * * *
You feel very sick. The killer bee barely misses you.
The killer bee stings you but does no damage. x7
Unknown command.
Unknown command.
You shoot an arrow. The arrow hits the killer bee!
The killer bee is severely wounded.
* * * LOW HITPOINT WARNING * * *
You feel sick.
The killer bee stings you but does no damage.
The killer bee stings you.
* * * LOW HITPOINT WARNING * * *
The killer bee stings you but does no damage. x2
Unknown command.
You shoot an arrow. The arrow hits the killer bee.
You kill the killer bee!
You die...

## .. .####.. ..#...
..... yy.# ##yy# ##y†#
#y♣y# ..# ##..## #..#
#..## #..# ##..#
#...####..##
###...##....#######.
###...................
......................
..............>....(.#


You could see 7 killer bees.

Vanquished Creatures
  Maurice (D:7)
  Psyche (D:8)
  A hornet (D:8)
  Prince Ribbit (D:7)
  Grinder (D:3)
  Sigmund (D:6)
  A chaos spawn (D:9)
  An ice beast (D:7)
  A black bear (D:5)
  2 ogres
  2 centaurs
  3 phantoms
  2 kobold brigands
  A bullfrog (D:6)
  2 scorpions
  7 wights (D:8)
  4 killer bees (D:9)
  A howler monkey (D:7)
  4 orc priests
  3 hounds
  A jelly (D:4)
  2 sleepcaps
  2 iguanas
  8 orc wizards
  10 gnolls
  9 adders
  2 shadow imps
  A white imp (D:5)
  4 ufetubi
  3 worms
  A dart slug (D:4)
  24 orcs
  2 endoplasms (D:1)
  A giant cockroach (D:2)
  3 goblins
  4 hobgoblins
  2 quokkas
  6 ball pythons
  5 bats
  5 frilled lizards
  17 kobolds
  4 rats (D:3)
156 creatures vanquished.

Vanquished Creatures (collateral kills)
  A kobold brigand (D:9)
  4 kobolds (D:9)
5 creatures vanquished.

Vanquished Creatures (others)
  An orc wizard (D:9)
  2 ancestors (D:9)
3 creatures vanquished.

Grand Total: 164 creatures vanquished

Notes
Turn   | Place    | Note
-------+----------+-------------------------------------------
     0 | D:1      | gruber the Minotaur Hunter began the quest for the Orb.
     0 | D:1      | Reached XP level 1. HP: 18/18 MP: 0/0
   375 | D:1      | Reached XP level 2. HP: 25/25 MP: 1/1
   385 | D:1      | Reached skill level 5 in Ranged Weapons
   741 | D:2      | Found a faded altar of an unknown god.
  1172 | D:2      | Reached XP level 3. HP: 21/30 MP: 2/2
  1431 | D:3      | Reached skill level 6 in Ranged Weapons
  1470 | D:3      | Noticed Grinder
  1474 | D:3      | Paralysed by Grinder for 5 turns
  1485 | D:3      | Paralysed by Grinder for 2 turns
  1490 | D:3      | Paralysed by Grinder for 3 turns
  1499 | D:3      | Killed Grinder
  1500 | D:3      | Reached skill level 7 in Ranged Weapons
  1500 | D:3      | Reached XP level 4. HP: 13/37 MP: 3/3
  1500 | D:3      | Reached XP level 5. HP: 15/42 MP: 4/4
  1633 | D:3      | Reached skill level 8 in Ranged Weapons
  1663 | D:3      | Reached XP level 6. HP: 50/50 MP: 5/5
  1786 | D:3      | Found a sacrificial altar of Ru.
  2483 | D:4      | Reached skill level 9 in Ranged Weapons
  2564 | D:4      | Reached XP level 7. HP: 25/56 MP: 6/6
  3247 | D:5      | Entered Level 5 of the Dungeon
  3374 | D:5      | Reached skill level 10 in Ranged Weapons
  3916 | D:6      | Reached XP level 8. HP: 50/62 MP: 7/7
  4017 | D:6      | Reached skill level 5 in Dodging
  4092 | D:6      | Reached skill level 1 in Armour
  4265 | D:6      | Found an iron altar of Okawaru.
  4268 | D:6      | Noticed Sigmund
  4300 | D:6      | Killed Sigmund
  4301 | D:6      | Reached skill level 5 in Armour
  4949 | D:7      | Reached skill level 5 in Fighting
  5047 | D:7      | Noticed Maurice
  5057 | D:7      | Killed Maurice
  5058 | D:7      | Reached XP level 9. HP: 65/79 MP: 8/8
  5201 | D:7      | Noticed Prince Ribbit
  5212 | D:7      | Killed Prince Ribbit
  5457 | D:7      | Reached skill level 11 in Ranged Weapons
  5584 | D:7      | Found a staircase to the Ecumenical Temple.
  5626 | Temple   | Entered the Ecumenical Temple
  5643 | Temple   | Became a worshipper of Hepliaklqana the Forgotten
  6419 | D:8      | Noticed Psyche
  6423 | D:8      | Reached skill level 12 in Ranged Weapons
  6483 | D:8      | Killed Psyche
  6598 | D:8      | Found a shimmering blue altar of Sif Muna.
  6811 | D:8      | Paralysed by a hornet for 3 turns
  7019 | D:9      | Found a hide-covered altar of Uskayaw.
  7019 | D:9      | Reached * piety under Hepliaklqana
  7029 | D:9      | Reached skill level 13 in Ranged Weapons
  7153 | D:9      | Found a glowing silver altar of Zin.
  7181 | D:9      | Noticed Erica
  7215 | D:9      | Reached XP level 10. HP: 74/77 MP: 9/9
  7243 | D:9      | Found a shadowy altar of Dithmenos.
  7283 | D:9      | HP: 1/115 [killer bee (5)]
  7284 | D:9      | Succumbed to a killer bee's poison

Illustrated notes

Levels and vault maps discovered:
D:1:      lightli_arrival_flooded_house, layout_basic,
          chequers_serial_rivers_room_b
D:2:      layout_loops_ring, shapermc_ecumenical_altar_totnotflames
D:3:      layout_basic, nicolae_ru_awakened_eye, due_unseen_surprise,
          uniq_grinder
D:4:      layout_basic
D:5:      layout_basic
D:6:      layout_basic, old_standard_altar, uniq_sigmund
D:7:      layout_basic, minmay_temple_entry_hall, uniq_maurice,
          uniq_prince_ribbit1
D:8:      layout_basic, lemuel_round_altar, uniq_psyche
D:9:      layout_layer_cave, mainiacjoe_overflow_cross_hatched,
          nicolae_uskayaw_dance_studio, nemelex_xobeh_ov_fountains_minmay,
          grunt_dithmenos_smoke_and_mirrors, zin_statuary, serial_demonic,
          serial_demonic_f, serial_demonic_e, serial_demonic_a,
          serial_demonic_e, serial_demonic_f, serial_demonic_d, uniq_erica
Temple:   hellmonk_temple_two_chambers

Skill      XL: |  1  2  3  4  5  6  7  8  9 |
---------------+----------------------------+-----
Ranged Weapons | 5 7 8 9 10 13 | 13.3
Dodging        | 4 5 |  5.3
Armour         | 5 |  5.0
Fighting       | 7 |  7.6
Stealth        | |  0.7

Action                     |  1- 3 |  4- 6 |  7- 9 | 10-12 || total
---------------------------+-------+-------+-------+-------++-------
  Melee: Shortbow          |       |       |     1 |       ||     1
         Unarmed           |       |       |     6 |       ||     6
   Fire: Shortbow          |   100 |   103 |   503 |    36 ||   742
  Evoke: Wand              |       |       |    13 |       ||    13
    Use: Potion            |       |       |       |     1 ||     1
 Armour: Leather armour    |    19 |    18 |    99 |       ||   136
         Ring mail         |       |       |    64 |    26 ||    90
         Skin              |       |       |     1 |    44 ||    45
  Dodge: Dodged            |    18 |    22 |   164 |    16 ||   220
         Repelled          |       |       |     1 |       ||     1

Table legend: (Time is in decaauts)
 A = Elapsed time spent in this place.
 B = Non-inter-level travel time spent in this place.
 C = Inter-level travel time spent in this place.
 D = Time resting spent in this place.
 E = Time spent auto-exploring this place.
 F = Levels seen in this place.
 G = Mean time per level.
                   A        B        C        D        E       F      G
               +--------+--------+--------+--------+--------+-----+--------+
         Total |   7245 |   6911 |    334 |    375 |   5411 |  10 |  724.5 |
       Dungeon |   7221 |   6894 |    327 |    375 |   5411 |   9 |  802.3 |
        Temple |     23 |     17 |      6 |      0 |      0 |   1 |   23.0 |
               +--------+--------+--------+--------+--------+-----+--------+

Top non-repeatable levels by time:
     D:6: 1115 daAuts
     D:7: 1068 daAuts
     D:4: 953 daAuts
     D:3: 952 daAuts
     D:8: 851 daAuts
     D:2: 712 daAuts
     D:5: 649 daAuts
     D:1: 649 daAuts
     D:9: 268 daAuts
  Temple: 23 daAuts
